 Dungeon Crawl Stone Soup version 0.29-a0-317-gd16b76e6b1 (webtiles) character file.

Game seed: 17291337868367961672

67 jmlagarto the Skirmisher (level 3, 0/29 HPs)
             Began as a Demonspawn Abyssal Knight on Mar 31, 2022.
             Was a Believer of Lugonu.
             Slain by a gnoll
             ... wielding a +0 halberd
              (10 damage)
             ... on level 2 of the Dungeon.
             The game lasted 00:01:54 (1327 turns).

jmlagarto the Skirmisher (DsAK)                     Turns: 1327, Time: 00:01:54

Health: 0/29       AC:  6    Str: 15    XL:     3   Next: 98%
Magic:  5/5        EV:  9    Int: 11    God:    Lugonu [**....]
Gold:   79         SH:  0    Dex: 13    Spells: 2/2 levels left

rFire   . . .      SeeInvis .   a - +1 falchion
rCold   . . .      Faith    .   (no shield)
rNeg    . . .      Spirit   .   g - +0 scale mail
rPois   .          Reflect  .   (no helmet)
rElec   .          Harm     .   (no cloak)
rCorr   .          Rampage  .   (no gloves)
Will    .....                   (no boots)
Stlth   ..........              (no amulet)
HPRegen 0.09/turn               (no ring)
MPRegen 0.09/turn               (no ring)

@: no status effects
A: foul stench 2
a: Renounce Religion, Depart the Abyss, Bend Space


You were on level 2 of the Dungeon.
You worshipped Lugonu.
Lugonu was pleased with you.
You visited 1 branch of the dungeon, and saw 2 of its levels.
You visited the Abyss 1 time.

You collected 79 gold pieces.

Inventory:

Hand Weapons
 a - a +1 falchion (weapon)
Missiles
 f - 15 stones (quivered)
Armour
 g - a +0 scale mail (worn)
Jewellery
 i - a ring of ice
Scrolls
 b - a scroll of amnesia {unknown}
 c - a scroll of identify {unknown}
 d - a scroll of teleportation {unknown}
 j - a scroll of brand weapon {unknown}
Potions
 e - a potion of lignification {unknown}
 h - a potion of invisibility {unknown}


   Skills:
 + Level 3.4 Fighting
 + Level 2.3 Long Blades
 + Level 2.3 Armour
 + Level 1.6 Dodging
 + Level 3.2 Invocations


You had 2 spell levels left.
You didn't know any spells.
Your spell library was empty.

Dungeon Overview and Level Annotations

Branches:
Dungeon (2/15)

Altars:


Innate Abilities, Weirdness & Mutations

You sometimes emit foul miasma when damaged in melee.


Message History

Jessica barely misses you.
You hit Jessica.
You kill Jessica!
Lugonu accepts your kill.
Things that are here:
a +0 dagger; a +0 robe You feel yourself speed up.
HP restored.
A quokka is nearby!
You barely miss the quokka.
The quokka bites you but does no damage.
The quokka bites you.
You hit the quokka.
You kill the quokka!
Lugonu accepts your kill.
No target in view!
Things that are here:
a +0 halberd; a gnoll skeleton You aren't in the Abyss!
You throw a stone. The gnoll shouts!
The stone hits the gnoll but does no damage.
You throw a stone. The stone barely misses the gnoll.
You throw a stone.
The stone hits the gnoll but does no damage.
You throw a stone. The stone barely misses the gnoll.
You throw a stone.
The stone hits the gnoll but does no damage.
A gnoll comes into view. It is wielding a +0 halberd.
The gnoll barely misses you.
The gnoll shouts! x2
The gnoll barely misses you.
You closely miss the gnoll. The gnoll barely misses you.
You hit the gnoll but do no damage. The gnoll hits you with a +0 halberd!
You barely miss the gnoll.
The gnoll hits you from afar with a +0 halberd!
The gnoll barely misses you. The gnoll hits you but does no damage.
The gnoll hits you from afar with a +0 halberd!
You die...

### #.# # ..# ####.###
# ### #.####......# #
..###.##........######
#. ......#..........##
#.###.##........##..##
#.....................
#.#........########...
#(####g#.#@###..# ####
...((..gg..# #....#
r###.###)### ##.#.# .
#.# #.# #.#.#
....###.###.######.# #
.........))!....>..#
.#..#.#####<####....
.. #.# #.# #.#


You could see 2 gnolls.

Vanquished Creatures
  Jessica (D:2)
  2 gnolls
  4 ball pythons (D:1)
  3 bats (D:1)
  An endoplasm (D:1)
  2 giant cockroaches (D:1)
  3 goblins
  2 quokkas (D:2)
  2 kobolds
20 creatures vanquished.

Notes
Turn   | Place    | Note
-------+----------+-------------------------------------------
     0 | Abyss:1  | jmlagarto the Demonspawn Abyssal Knight began the quest for
                  | the Orb.
     0 | Abyss:1  | Reached XP level 1. HP: 18/18 MP: 2/2
    26 | D:1      | Escaped the Abyss
   144 | D:1      | Reached skill level 1 in Dodging
   344 | D:1      | Gained mutation: You may rarely emit foul miasma when
                  | damaged in melee. [demonic ancestry]
   344 | D:1      | Reached XP level 2. HP: 24/24 MP: 4/4
   436 | D:1      | Found a faded altar of an unknown god.
   759 | D:2      | Gained mutation: You sometimes emit foul miasma when
                  | damaged in melee. [demonic ancestry]
   759 | D:2      | Reached XP level 3. HP: 10/29 MP: 5/5
  1263 | D:2      | Noticed Jessica
  1273 | D:2      | Killed Jessica
  1327 | D:2      | Slain by a gnoll

Illustrated notes

Levels and vault maps discovered:
D:1:      minmay_arrival_solitary_statue, layout_loops_ring,
          hellmonk_ecumenical_altar_leap_of_faith, grunt_decor_one_mirror
D:2:      layout_loops_ring, uniq_jessica

Skill      XL: |  1  2 |
---------------+-------+-----
Dodging        | 1 |  1.6
Long Blades    | 2 |  2.3
Armour         | 2 |  2.3
Invocations    | 3 |  3.2
Fighting       | |  3.4

Action                   || total
-------------------------++-------
Melee: Falchion          ||    60
       Punch             ||     1
Throw: Stone             ||     5
Armor: Leather armour    ||     2
       Scale mail        ||    25
Dodge: Dodged            ||    44

Table legend: (Time is in decaauts)
 A = Elapsed time spent in this place.
 B = Non-inter-level travel time spent in this place.
 C = Inter-level travel time spent in this place.
 D = Time resting spent in this place.
 E = Time spent auto-exploring this place.
 F = Levels seen in this place.
 G = Mean time per level.
                   A        B        C        D        E       F      G
               +--------+--------+--------+--------+--------+-----+--------+
         Total |   1347 |   1338 |      9 |    281 |    832 |   3 |  449.0 |
       Dungeon |   1321 |   1312 |      9 |    281 |    815 |   2 |  660.5 |
         Abyss |     26 |     26 |      0 |      0 |     17 |   1 |   26.0 |
               +--------+--------+--------+--------+--------+-----+--------+

Top non-repeatable levels by time:
     D:1: 1199 daAuts
     D:2: 122 daAuts
 Abyss:1: 26 daAuts
